Map: Catalyst LE

Players

Qwan

  • Race: Protoss Protoss
  • League: Diamond
  • Spawn Location: 5:00

Delongate - Winner!

  • Race: Terran Terran
  • League: Platinum
  • Spawn Location: 11:00

VOD

Have the link to the VOD?

Description

Time

  • Played on: May 31, 2018, 8:53 p.m.
  • Length: 16:11
Show
View Real Time Build Order
Export as new Build Order

Qwan Protoss 

Build Orders: 1 Gate Expand 

Get SALT Encoding   

  1  0:00  Probe  
  12  0:05  Probe  
  14  0:18  Pylon  
  14  0:22  Probe  
  15  0:36  Probe  
  16  0:43  Assimilator  
  16  0:45  Gateway  
  16  0:49  Probe  
  17  0:57  Probe  
  18  1:06  Probe  
  19  1:16  Probe  
  20  1:28  Probe  
  20  1:32  Cybernetics Core  
  21  1:42  Nexus  
  21  1:55  Pylon  
  21  1:57  Assimilator  
  21  2:04  Probe  
  21  2:06  Adept  
  22  2:11  Warp Gate  
  24  2:16  Probe  
  25  2:28  Probe  
  26  2:33  Adept  
  26  2:34  Robotics Facility  
  28  2:52  Probe  
  28  2:56  Probe  
  30  3:01  Probe  
  31  3:15  Gateway  
  31  3:16  Observer  
  31  3:26  Probe x2  
  34  3:31  Gateway  
  34  3:32  Adept  
  36  3:44  Pylon  
  36  3:45  Warp Prism  
  38  3:54  Probe x2  
  40  4:05  Twilight Council  
  40  4:12  Immortal, Probe x2  
  42  4:17  Pylon  
  46  4:27  Adept x3  
  52  4:32  Probe x2  
  54  4:46  Templar Archives  
  54  4:47  Assimilator  
  54  4:48  Assimilator  
  54  4:49  Pylon  
  54  4:50  Probe x2  
  56  5:05  Probe x2  
  58  5:21  Probe  
  58  5:22  Probe  
  58  5:25  Psionic Storm  
  60  5:30  Probe x2  
  60  5:33  Immortal  
  66  5:37  High Templar  
  66  5:39  Zealot  
  70  5:51  Pylon  
  70  5:54  Pylon  
  67  6:32  High Templar x2  
  60  6:57  Pylon  
  60  7:02  Gateway  
  60  7:03  Gateway  
  60  7:05  Gateway  
  60  7:21  Probe  
  60  7:22  Probe  
  60  7:24  Forge  
  60  7:27  Forge  
  60  7:28  Charge  
  60  7:29  High Templar x2  
  66  7:38  Gateway  
  66  7:40  Gateway  
  66  7:44  Immortal, Probe x2  
  72  7:55  Protoss Ground Weapons Level 1  
  72  8:09  Pylon, Photon Cannon  
  72  8:10  High Templar x4  
  72  8:11  High Templar  
  82  8:27  Pylon  
  82  8:29  Photon Cannon  
  82  8:30  Pylon  
  82  8:32  Photon Cannon  
  82  8:35  Observer  
  82  8:45  Protoss Ground Armor Level 1  
  82  8:47  High Templar  
  85  8:48  High Templar  
  85  8:50  Zealot x5  
  97  9:07  Immortal  
  101  9:24  Zealot x4  
  101  9:29  Pylon  
  101  9:30  Pylon  
  109  9:33  Pylon  
  109  9:36  Probe  
  110  9:42  Blink  
  110  9:47  Probe  
  109  10:09  High Templar  
  111  10:21  Protoss Ground Weapons Level 2  
  111  10:24  Pylon x2  
  111  10:35  High Templar  
  111  10:36  High Templar  
  111  10:39  Zealot x2  
  111  10:40  Zealot x2  
  123  10:48  Gateway  
  123  10:51  Gateway x2  
  123  10:53  Gateway  
  123  10:54  Gateway  
  123  10:59  Gateway  
  122  11:24  Probe x2  
  123  11:37  Nexus  
  123  11:43  Pylon  
  65  12:01  High Templar x6  
  53  12:03  Zealot  
  59  12:15  Zealot x6  
  67  12:20  Archon x3  
  69  12:23  Probe x2  
  69  12:27  High Templar  
  73  12:41  High Templar x2  
  73  12:42  Zealot  
  73  12:43  Zealot x7  
  73  12:44  Zealot x2  
  73  13:01  High Templar  
  75  13:07  Zealot x2  
  75  13:08  Zealot x7  
  75  13:09  Zealot  
  95  13:29  High Templar  
  95  13:30  High Templar  
  95  13:31  Nexus, Zealot x2  
  103  13:36  Probe  
  103  13:37  Probe  
  105  13:52  High Templar x2  
  105  13:53  Zealot x2  
  99  14:09  Archon  
  91  14:10  Archon x2  
  91  14:15  High Templar  
  91  14:16  Zealot x4  
  101  14:18  Sentry  
  103  14:25  Stalker  
  103  14:30  Probe x2  
  93  15:11  Stalker x5  
  93  15:12  Stalker x2  
  93  15:13  Stalker x2  
  109  15:19  Probe x3  
  112  15:23  Assimilator  
  112  15:30  High Templar x2  
  116  15:38  Assimilator  
Show
View Real Time Build Order
Export as new Build Order

Delongate Terran - Winner!

Build Orders: Reaper Expand, MMM Bio 

Get SALT Encoding   

  12  0:00  SCV  
  13  0:13  SCV  
  14  0:17  Supply Depot  
  14  0:25  SCV  
  15  0:39  SCV  
  15  0:41  Barracks  
  16  0:45  Refinery  
  16  0:51  SCV  
  17  1:03  SCV  
  18  1:15  SCV  
  19  1:27  Orbital Command  
  19  1:28  Reaper  
  20  1:47  Command Center  
  20  1:53  SCV  
  21  1:58  Supply Depot  
  21  2:03  Barracks Reactor  
  21  2:05  SCV  
  22  2:16  Barracks  
  22  2:17  SCV  
  23  2:25  Barracks  
  23  2:29  SCV  
  24  2:40  Marine x2  
  24  2:41  SCV  
  27  2:53  SCV  
  27  2:58  Marine x2  
  29  2:59  Orbital Command  
  30  3:05  Barracks Tech Lab, SCV  
  30  3:07  Factory  
  31  3:14  Barracks Reactor  
  31  3:16  Marine x2  
  31  3:17  SCV  
  34  3:21  Refinery  
  34  3:25  SCV  
  35  3:29  Marine  
  35  3:30  SCV  
  37  3:38  SCV  
  37  3:39  Marine  
  37  3:40  Supply Depot  
  37  3:41  Marine  
  40  3:47  SCV  
  41  3:48  Supply Depot, Marine  
  41  3:52  SCV  
  43  3:57  Starport  
  43  4:00  Marine x2  
  45  4:03  SCV  
  45  4:05  Marine x2  
  45  4:07  Factory Reactor  
  48  4:11  Supply Depot  
  48  4:13  SCV  
  48  4:16  Marine  
  48  4:17  SCV  
  51  4:20  Supply Depot  
  51  4:25  Marine x3  
  51  4:28  SCV  
  55  4:33  Supply Depot, Marine  
  56  4:43  SCV x2, Marine x2  
  56  4:44  Marine  
  61  4:53  Medivac  
  61  4:54  Medivac  
  61  4:55  SCV x2, Marine  
  68  5:01  Stimpack  
  68  5:04  Marine x2  
  68  5:05  Marine  
  71  5:07  SCV  
  71  5:09  Supply Depot  
  71  5:10  Marine  
  71  5:12  SCV  
  74  5:15  Marine  
  74  5:18  Refinery  
  74  5:20  Engineering Bay  
  75  5:22  SCV  
  75  5:23  Marine, Medivac  
  75  5:24  SCV  
  75  5:25  Marine  
  81  5:33  Marine x3  
  84  5:41  Marine  
  85  5:43  Marine  
  85  5:44  SCV  
  85  5:49  SCV  
  88  5:51  Refinery, Marine  
  88  5:52  Supply Depot  
  88  5:53  Supply Depot, Terran Infantry Weapons Level 1  
  88  5:54  Marine x2  
  88  5:56  SCV  
  92  5:58  Marine  
  93  6:04  Marine  
  93  6:10  Marine  
  94  6:13  Marine  
  94  6:19  Marine  
  94  6:22  Marine  
  94  6:25  Marine  
  94  6:28  Marine  
  94  6:30  Marine  
  94  6:53  Marine x5  
  94  6:54  SCV x2  
  101  6:55  Command Center  
  101  7:00  Supply Depot, Medivac x2  
  105  7:06  SCV  
  106  7:09  Combat Shield  
  106  7:11  Marine x4  
  106  7:15  Marine  
  111  7:16  SCV  
  111  7:21  Supply Depot  
  112  7:24  SCV  
  112  7:28  SCV  
  112  7:29  Barracks x2, Marine  
  115  7:31  Marine x3  
  118  7:37  Marine  
  118  7:43  SCV x2  
  121  7:45  Supply Depot  
  121  7:47  Terran Infantry Armor Level 1  
  121  7:51  Marine x4  
  122  7:56  SCV x2  
  122  7:57  Armory  
  127  7:58  Marine  
  127  8:02  Liberator  
  126  8:08  SCV  
  126  8:09  Marine x3  
  126  8:12  SCV, Marine  
  132  8:18  Medivac  
  137  8:21  Barracks Tech Lab  
  137  8:22  Barracks Tech Lab  
  137  8:28  Starport  
  137  8:29  SCV, Marine  
  137  8:33  Orbital Command  
  139  8:34  Marine  
  139  8:38  SCV  
  139  8:39  Marine  
  142  8:41  Concussive Shells  
  142  8:45  SCV  
  143  8:48  Marine  
  143  8:49  Marine  
  143  8:50  SCV  
  143  8:53  Marine  
  143  8:54  Marauder  
  149  8:59  Missile Turret, Marine  
  149  9:01  Marauder  
  152  9:05  Marine  
  152  9:06  Marine  
  152  9:09  SCV  
  155  9:10  Starport Tech Lab  
  155  9:12  Marine  
  155  9:13  Marine  
  155  9:16  Marauder, Marine  
  161  9:17  SCV x2  
  161  9:19  Refinery  
  161  9:23  Refinery  
  162  9:24  SCV, Marine  
  162  9:29  SCV  
  165  9:37  Supply Depot  
  165  9:39  Supply Depot, Marine x3  
  165  9:40  Marauder  
  165  9:41  Terran Infantry Weapons Level 2, Marine  
  171  9:47  Marauder  
  171  9:50  Marine  
  173  9:57  Marine x2  
  173  9:58  Liberator  
  173  9:59  Marauder, Liberator x2  
  176  10:04  Marine x2  
  178  10:07  Marine  
  178  10:08  Marauder  
  171  10:15  Marine  
  171  10:18  Supply Depot x2, Marine  
  171  10:20  Marauder, Engineering Bay  
  184  10:22  Marauder  
  184  10:24  Fusion Core  
  184  10:25  SCV  
  184  10:26  Marine  
  188  10:28  Marine  
  188  10:29  Marine  
  190  10:38  SCV, Marine  
  190  10:42  Marine x2  
  194  10:43  Marine  
  194  10:48  Marauder, Marine x2  
  194  10:49  SCV  
  200  10:55  Starport  
  200  10:58  Terran Infantry Armor Level 2  
  199  11:13  Marine  
  200  11:26  Advanced Ballistics  
  199  11:39  Liberator, Marine  
  200  11:40  Liberator x2  
  200  11:46  Marine x2  
  197  11:47  Marauder x3  
  197  11:50  Marine  
  144  11:56  Starport Reactor, Marine  
  144  12:01  Command Center  
  140  12:04  Marine x2  
  146  12:08  Marauder x2  
  146  12:09  Marauder  
  148  12:22  Liberator x3  
  148  12:24  Marine  
  148  12:29  Marauder  
  153  12:30  Marauder x2  
  153  12:36  Marine  
  153  12:37  Marine  
  155  12:42  Marine  
  152  12:48  Marine  
  152  12:51  Marauder x3  
  159  12:54  Marine x2  
  161  12:59  Barracks  
  161  13:01  Marine  
  161  13:02  Barracks  
  161  13:05  Liberator  
  162  13:06  Marine  
  162  13:11  Command Center  
  162  13:12  Marauder x2, Marine x2  
  170  13:13  Marauder  
  170  13:16  SCV  
  170  13:17  SCV  
  170  13:19  Marine  
  174  13:20  Orbital Command  
  174  13:24  Terran Infantry Weapons Level 3, Marine  
  178  13:27  Terran Infantry Armor Level 3  
  178  13:30  Missile Turret  
  178  13:34  Marauder x3  
  184  13:44  Marine x4  
  188  13:53  Refinery, Barracks Reactor  
  188  13:54  Barracks  
  188  13:55  Marauder x2, Marine  
  193  13:58  Refinery, Barracks Tech Lab  
  193  14:02  Marine x3  
  174  14:04  Marine  
  168  14:11  SCV  
  168  14:12  Liberator  
  168  14:13  Marauder, Liberator x4  
  168  14:16  Marauder  
  168  14:17  Marauder, Marine  
  175  14:20  Marine x2  
  178  14:25  Missile Turret  
  178  14:27  Missile Turret, Marine x2  
  195  14:32  Planetary Fortress  
  195  14:33  Marine  
  195  14:35  Marauder x2  
  199  14:41  Marine  
  200  14:55  Liberator  
  200  15:01  Barracks Tech Lab  
  200  15:04  Marine  
  200  15:05  Marine x3  
  195  15:08  Marine x2  
  199  15:31  Marine  
  200  15:38  Marine  
  200  15:39  Marine x2  
  200  15:46  Marine x3  
Tags
 
Add a new tag
Caveats
  • Supply blocks, unpowered buildings, or Contaminate may cause inaccurate times.
  • Supply counts are checked every 10 seconds.